 Dungeon Crawl Stone Soup version 0.31-a0-236-g9a0961fb85 (webtiles) character file.

Game seed: 3898966261815089537

63 qw the Shooter (level 4, -3/26 HPs)
             Began as a Gargoyle Hexslinger on July 10, 2023.
             Killed from afar by an orc wizard (8 damage)
             ... with a magic dart
             ... on level 2 of the Dungeon.
             The game lasted 00:00:28 (725 turns).

qw the Shooter (Gargoyle Hexslinger)                 Turns: 725, Time: 00:00:28

Health: -3/26      AC:  5    Str: 12    XL:     4   Next: 9%
Magic:  5/5        EV: 12    Int: 13    God:
Gold:   33         SH:  0    Dex: 14    Spells: 4/5 levels left

rFire   . . .        Y - +1 sling
rCold   . . .        (no shield)
rNeg    + . .        c - +0 robe
rPois   inf          (no helmet)
rElec   +            (no cloak)
rCorr   .            (no gloves)
SInv    .            (no boots)
Will    .....        (no amulet)
Stlth   +            (no ring)
HPRegen 0.24/turn    (no ring)
MPRegen 0.09/turn

%: no passive effects
@: no status effects
A: sickness immunity, AC +3, negative energy resistance 1, electricity
resistance, torment resistance 1, petrification resistance
a: no special abilities


You were on level 2 of the Dungeon.
You visited 1 branch of the dungeon, and saw 2 of its levels.

You collected 33 gold pieces.


Innate Abilities, Weirdness & Mutations

You are immune to sickness and miasma.
Your stone body is resilient. (AC +3)
You are immune to poison.
You resist negative energy. (rN+)
You are resistant to electric shocks. (rElec)
You are resistant to unholy torment.
You are immune to petrification.


   Skills:
 - Level 2.1 Fighting
 + Level 3.9 Ranged Weapons
 - Level 1.5 Dodging
 - Level 1.0 Spellcasting
 - Level 2.6 Hexes


You had 4 spell levels left.
You knew the following spells:

 Your Spells              Type           Power      Damage    Failure   Level
a - Slow                  Hex            28%        N/A       10%         1

Your spell library contained the following spells:

 Spells                   Type           Power      Damage    Failure   Level
 Inner Flame              Hex/Fire       4%         N/A       43%         3
 Portal Projectile        Hex/Tloc       8%         N/A       43%         3
 Cause Fear               Hex            3%         N/A       67%         4

Inventory:

Hand Weapons
 Y - a +1 sling (weapon)
Armour
 c - a +0 robe (worn)
 d - a +0 leather armour
Scrolls
 a - a scroll of acquirement {unknown}
 b - a scroll of silence {unknown}
 f - a scroll of enchant armour {unknown}
 h - 2 scrolls of identify
Potions
 e - a potion of brilliance {unknown}
 i - a potion of heal wounds {unknown}

Dungeon Overview and Level Annotations

Branches:
Dungeon (2/15)

Altars:


Message History

You are confused.
718 ||| DRINKING potion of curing.
You feel better.
718 ||| (to cure confusion)
The orc barely misses you.
You shoot a sling bullet. The sling bullet hits the orc.
The orc is severely wounded.
The orc hits you with a +0 flail.
The orc wizard hits you with a +1 dagger of venom.
The orc hits you with a +0 flail.
You shoot a sling bullet.
The sling bullet closely misses the orc.
The orc wizard hits you with a +1 dagger of venom.
The orc barely misses you.
The orc wizard hits you with a +1 dagger of venom.
You shoot a sling bullet. The sling bullet hits the orc.
You kill the orc!
The orc wizard gestures at you while chanting.
The puff of flame hits you!
You shoot a sling bullet. The sling bullet hits the orc wizard.
The orc wizard is lightly wounded.
The orc wizard hits you with a +1 dagger of venom.
You shoot a sling bullet.
The sling bullet closely misses the orc wizard.
An orc comes into view. It is wielding a +2 vampiric dagger.
The orc wizard points at you and mumbles some strange words.
You resist with some effort.
You shoot a sling bullet. The orc shouts!
The sling bullet hits the orc wizard.
The orc wizard is moderately wounded.
The orc wizard hits you with a +1 dagger of venom.
A goblin comes into view. It is wielding a +0 club.
You shoot a sling bullet. The goblin shouts!
The sling bullet hits the orc wizard.
The orc wizard is moderately wounded.
The orc wizard hits you but does no damage.
The orc wizard gestures at you while chanting.
The magic dart hits you!
You die...

##........ ..}#.......(
~g..#........ .~
~...+........ ...
.o...+........ .~.#
#.~...+........ .~..#
#..~...####..... .~~..#
##o.~~..}###......
..~~..###@)~%...##........
...~~.....~~...##.####....
#...~~~.~%~...##..# #####
##...........##...#
##.........###.###
##}.....}####.#
###'''###....#
#.......#### #########


You could see an orc wizard, an orc and a goblin.

Vanquished Creatures
  2 adders (D:2)
  A worm (D:2)
  An orc (D:2)
  3 ball pythons (D:1)
  7 bats
  3 endoplasms
  A giant cockroach (D:2)
  5 goblins
  4 hobgoblins (D:1)
  4 kobolds
  4 frilled lizards
  A rat (D:2)
36 creatures vanquished.

Notes
Turn   | Place    | Note
-------+----------+-------------------------------------------
     0 | D:1      | qw the Gargoyle Hexslinger began the quest for the Orb.
     0 | D:1      | Reached XP level 1. HP: 12/12 MP: 2/2
     0 | D:1      | 0 ||| qw: Version: 0.3-a-52-g30416fa
     0 | D:1      | 0 ||| qw: Game counter: 4812
     0 | D:1      | 0 ||| qw: Melee chars always use a shield: true
     0 | D:1      | 0 ||| qw: God list: Okawaru
     0 | D:1      | 0 ||| qw: Allow faded altars: false
     0 | D:1      | 0 ||| qw: Do Orc after clearing Dungeon:15 true
     0 | D:1      | 0 ||| qw: Do second Lair branch before Depths: true
     0 | D:1      | 0 ||| qw: Lair rune preference: random
     0 | D:1      | 0 ||| qw: Goals: Normal
     0 | D:1      | 0 ||| PLANNING D:1-11
    74 | D:1      | Reached XP level 2. HP: 16/16 MP: 3/3
   117 | D:1      | Reached skill level 3 in Ranged Weapons
   329 | D:1      | 329 ||| READING scroll labelled VOPNOE OMNA.
   330 | D:1      | 330 ||| READING scroll labelled GULIHU SITARGHU.
   331 | D:1      | 331 ||| READING scroll labelled USTRARCH SESHRID.
   332 | D:1      | 332 ||| READING scroll labelled LAHASY PYWACUP.
   345 | D:1      | 345 ||| DRINKING 2 red potions.
   346 | D:1      | 346 ||| DROPPING scroll of poison.
   379 | D:2      | Reached XP level 3. HP: 19/21 MP: 4/4
   642 | D:2      | Reached XP level 4. HP: 26/26 MP: 5/5
   718 | D:2      | 718 ||| DRINKING potion of curing.
   718 | D:2      | 718 ||| (to cure confusion)
   722 | D:2      | HP: 5/26 [orc wizard/+1 dagger of venom (3)]
   725 | D:2      | Killed from afar by an orc wizard

Levels and vault maps discovered:
D:1:      mrwooster_arrival_statue_2, layout_rooms
D:2:      layout_rooms, kennysheep_donut, serial_bayou_crossing

Skill      XL: |  1  2 |
---------------+-------+-----
Ranged Weapons | 3 |  3.9
Fighting       | 2 |  2.1
Dodging        | |  1.5
Spellcasting   | |  1.0
Hexes          | |  2.6

Action                     |  1- 3 |  4- 6 || total
---------------------------+-------+-------++-------
   Fire: Sling             |   100 |    23 ||   123
    Use: Scroll            |     4 |       ||     4
         Potion            |     1 |     1 ||     2
 Armour: Robe              |    16 |     2 ||    18
  Dodge: Dodged            |    33 |     5 ||    38

Table legend:
 A = Non-vault XP
 B = Vault XP
 C = Vault XP percentage of total XP
 D = Non-vault monster count
 E = Vault monster count
 F = Vault count percentage of total count
                 A         B        C        D         E       F
            +---------+---------+-------+---------+---------+-------
      Total |      90 |       0 |   0.0 |      36 |       0 |   0.0
            +---------+---------+-------+---------+---------+-------
        D:1 |      29 |       0 |   0.0 |      16 |       0 |   0.0
        D:2 |      61 |       0 |   0.0 |      20 |       0 |   0.0
            +---------+---------+-------+---------+---------+-------
